 Dungeon Crawl Stone Soup version 0.30-a0-347-gf58ed52 (webtiles) character file.

Game seed: 14976099853814445092

603 Dorkslayer the Covert (level 7, 0/46 HPs)
             Began as an Octopode Brigand on Nov 5, 2022.
             Was an Initiate of Gozag.
             Slain by a killer bee (7 damage)
             ... on level 5 of the Dungeon.
             The game lasted 00:08:04 (2587 turns).

Dorkslayer the Covert (Octopode Brigand)            Turns: 2587, Time: 00:08:05

Health: 0/46       AC:  1    Str: 10    XL:     7   Next: 42%
Magic:  9/9        EV: 13    Int: 14    God:    Gozag
Gold:   203        SH:  5    Dex: 15    Spells: 6/9 levels left

rFire   . . .      SeeInvis .    f - +1 short sword (speed)
rCold   . . .      Faith    .    (no shield)
rNeg    . . .      Spirit   .    (helmet restricted)
rPois   .          Reflect  +    o - amulet of reflection
rElec   .          Harm     .    (no ring)
rCorr   .          Rampage  .    (no ring)
Will    .....                    (no ring)
Stlth   +++++.....               (no ring)
HPRegen 0.27/turn                (no ring)
MPRegen 0.11/turn                (no ring)
                                 (no ring)
                                 (no ring)

@: lethally poisoned (0 -> -2), gold aura, hasted, very quick
A: almost no armour, amphibious, 8 rings, camouflage 1, gelatinous body 1,
(nimble swimmer 1), tentacles
a: Renounce Religion, Potion Petition, Call Merchant, Bribe Branch


You were on level 5 of the Dungeon.
You worshipped Gozag.
Gozag was aware of your devotion.
You visited 2 branches of the dungeon, and saw 6 of its levels.

You collected 382 gold pieces.
You spent 120 gold pieces at shops.
You paid 59 gold pieces to Gozag.

Inventory:

Hand Weapons
 a - a +2 dagger
 f - a +1 short sword of speed (weapon)
 l - a +0 short sword of freezing
Missiles
 b - 14 poisoned darts (quivered)
 s - 5 boomerangs
Jewellery
 o - an amulet of reflection (around mantle)
Wands
 e - a wand of digging (4)
 n - a wand of iceblast (13)
Scrolls
 d - 3 scrolls of immolation
 r - a scroll of fear
 t - a scroll of teleportation
Potions
 g - a potion of lignification
 h - a potion of berserk rage
 i - a potion of resistance
 k - a potion of might {unknown}
 m - a potion of brilliance {unknown}
 p - 4 potions of curing
 q - 3 potions of flight


   Skills:
 + Level 3.1 Fighting
 + Level 3.3 Short Blades
 + Level 3.0 Throwing
 + Level 2.0 Dodging
 + Level 8.9 Stealth
 + Level 0.2 Shields
 * Level 1.8 Spellcasting
 * Level 0.2 Air Magic
 * Level 2.1 Evocations


You had 6 spell levels left.
You knew the following spells:

 Your Spells              Type           Power      Damage    Failure   Level
a - Swiftness             Air            1%         N/A       54%         3

Your spell library contained the following spells:

 Spells                   Type           Power      Damage    Failure   Level
 Magic Dart               Conj           4%         1d3       24%         1
 Shock                    Conj/Air       4%         1d3       24%         1
 Slow                     Hex            4%         N/A       24%         1
 Searing Ray              Conj           2%         2d4       36%         2
 Confusing Touch          Hex            1%         N/A       58%         3
 Vampiric Draining        Necr           1%         2d6       58%         3
 Airstrike                Air            0%         2d(1-17)  91%         4
 Fulminant Prism          Conj/Hex       0%         3d5       94%         4


Dungeon Overview and Level Annotations

Branches:
Dungeon (5/15)             Temple (1/1) D:4

Altars:
Ashenzari
Cheibriados
Fedhas
Gozag
Ru
Uskayaw
Yredelemnul
Zin
The Shining One

Shops:
D:3 =!!


Innate Abilities, Weirdness & Mutations

You cannot wear most types of armour.
You are amphibious.
You can wear up to eight rings at the same time.
Your skin changes colour to match your surroundings (Stealth+).
Your rubbery body absorbs attacks. (AC +1, EV +1)
((You are camouflaged when in or above water. (Stealth+)))
You have tentacles for arms and can constrict up to eight enemies at once.


Message History

The killer bee is almost dead.
You feel sick. The killer bee closely misses you.
You miss the killer bee. Your grab misses the killer bee.
Your squeeze misses the killer bee.
The killer bee is almost dead.
You feel sick.
You closely miss the killer bee. Your grab misses the killer bee.
The killer bee is almost dead.
You feel sick. The killer bee barely misses you.
You hit the killer bee.
You kill the killer bee!
Your Throwing skill increases to level 3!
You barely miss the killer bee. Your grab misses the killer bee.
Your squeeze misses the killer bee. You barely miss the killer bee.
Your grab misses the killer bee.
You feel sick. You block the killer bee's attack.
You hit the killer bee but do no damage.
Your grab misses the killer bee. The killer bee closely misses you.
You hit the killer bee. Your grab misses the killer bee.
Your tentacle-slap misses the killer bee.
The killer bee is lightly wounded.
You feel sick.
The black bear looks more healthy.
The killer bee stings you.
You miss the killer bee. Your grab misses the killer bee.
You squeeze the killer bee.
The killer bee is moderately wounded.
The killer bee stings you.
You hit the killer bee. Your grab misses the killer bee.
You squeeze the killer bee!
You kill the killer bee!
You feel sick.
Your Dodging skill increases to level 2!
The killer bee barely misses you. The ice beast hits you.
The ice beast freezes you.
* * * LOW HITPOINT WARNING * * *
The black bear closely misses you. The black bear barely misses you.
The black bear claws you.
* * * LOW HITPOINT WARNING * * *
The killer bee stings you!
You die...
Your body crumbles into a pile of gold.

######.........# #
#.........##...>..(. #
#.........##........ #
#.........##........
######.........##........
...............##..(..(..
...............##........
...............##Y.......
................@y.......
............#####h.......
#####.#####.# #........$
# #.# #.# ######### #
#.#####.# # ##+#.....## #
#.........#
####.........# $
......[......#


You could see a black bear (slow), an ice beast and a killer bee.

Vanquished Creatures
  A water moccasin (D:5)
  An ogre (D:4)
  A necrophage (D:3)
  2 killer bees (D:5)
  2 orc priests (D:4)
  A hound (D:5)
  2 iguanas (D:5)
  An orc wizard (D:4)
  3 adders
  An ufetubus (D:4)
  A worm (D:4)
  2 dart slugs
  4 orcs (D:4)
  4 bats
  6 endoplasms
  2 giant cockroaches
  8 goblins
  4 hobgoblins
  7 jackals
  2 kobolds
  3 quokkas
  4 ball pythons
  A frilled lizard (D:2)
  4 rats
67 creatures vanquished.

Notes
Turn   | Place    | Note
-------+----------+-------------------------------------------
     0 | D:1      | Dorkslayer the Octopode Brigand began the quest for the
                  | Orb.
     0 | D:1      | Reached XP level 1. HP: 14/14 MP: 1/1
   128 | D:1      | Reached XP level 2. HP: 19/19 MP: 2/2
   212 | D:1      | Reached skill level 6 in Stealth
   529 | D:2      | Reached XP level 3. HP: 19/24 MP: 3/3
   803 | D:2      | Found a blossoming altar of Fedhas.
  1153 | D:3      | Found Nestriri's Jewellery Emporium.
  1154 | D:3      | Noticed a necrophage
  1169 | D:3      | Killed a necrophage
  1170 | D:3      | Reached skill level 7 in Stealth
  1170 | D:3      | Reached XP level 4. HP: 30/30 MP: 4/4
  1170 | D:3      | Reached XP level 5. HP: 35/35 MP: 5/5
  1279 | D:3      | Found Roafadal's Distillery.
  1346 | D:3      | Found a sacrificial altar of Ru.
  1473 | D:3      | Found Tejetaxteu's Distillery.
  1489 | D:3      | Found an opulent altar of Gozag.
  1495 | D:3      | Became a worshipper of Gozag Ym Sagoz the Greedy
  1553 | D:3      | Bought a potion of heal wounds for 50 gold pieces
  1553 | D:3      | Bought a potion of lignification for 30 gold pieces
  1553 | D:3      | Bought a potion of flight for 30 gold pieces
  1553 | D:3      | Bought a potion of degeneration for 10 gold pieces
  1656 | D:4      | Found a staircase to the Ecumenical Temple.
  1661 | Temple   | Entered the Ecumenical Temple
  1692 | D:4      | Noticed an ogre
  1711 | D:4      | Killed an ogre
  1712 | D:4      | Reached skill level 1 in Evocations
  1712 | D:4      | Reached XP level 6. HP: 34/41 MP: 5/7
  1829 | D:4      | Reached skill level 8 in Stealth
  1893 | D:4      | Reached skill level 1 in Spellcasting
  2361 | D:5      | Entered Level 5 of the Dungeon
  2432 | D:5      | Noticed a water moccasin
  2443 | D:5      | Killed a water moccasin
  2444 | D:5      | Reached XP level 7. HP: 30/46 MP: 7/9
  2504 | D:5      | Learned a level 3 spell: Swiftness
  2587 | D:5      | Slain by a killer bee

Illustrated notes

Levels and vault maps discovered:
D:1:      zelgadis_glass_arrival_small, layout_rooms
D:2:      layout_loops_ring, basic_altar, minmay_stone_trees_small
D:3:      layout_basic, mainiacjoe_overflow_small_starburst,
          grunt_gozag_breadcrumbs, serial_shops, shop_statue,
          nicolae_shop_hallway_stairs,
          nicolae_shop_temple_entry_statues_fountains
D:4:      layout_basic, minmay_temple_entry_proselytizer
D:5:      layout_basic, lemuel_doored_altar, serial_shops,
          nicolae_shop_hallway_stairs
Temple:   eino_temple_lava

Skill      XL: |  1  2  3  4  5  6  7 |
---------------+----------------------+-----
Stealth        | 6 7 8 |  8.9
Evocations     | 1 2 |  2.1
Short Blades   | 3 |  3.3
Spellcasting   | 1 |  1.8
Fighting       | 3 |  3.1
Throwing       | 3 |  3.0
Dodging        | 2 |  2.0
Shields        | |  0.2
Air Magic      | |  0.2

Action                   |  1- 3 |  4- 6 |  7- 9 || total
-------------------------+-------+-------+-------++-------
Melee: Dagger            |    41 |       |       ||    41
       Constrict         |    14 |    12 |       ||    26
       Tentacles         |    12 |    13 |     3 ||    28
       Short sword       |    24 |    52 |    19 ||    95
Throw: Dart              |       |     7 |     4 ||    11
  Use: Scroll            |     9 |     1 |       ||    10
       Potion            |       |     2 |     1 ||     3
 Stab: Sleeping          |    12 |    10 |     1 ||    23
       Distracted        |       |     1 |       ||     1
Armor: Skin              |     3 |     1 |       ||     4
Dodge: Dodged            |    28 |    12 |    17 ||    57
Block: Other             |       |     6 |     2 ||     8

Table legend: (Time is in decaauts)
 A = Elapsed time spent in this place.
 B = Non-inter-level travel time spent in this place.
 C = Inter-level travel time spent in this place.
 D = Time resting spent in this place.
 E = Time spent auto-exploring this place.
 F = Levels seen in this place.
 G = Mean time per level.
                   A        B        C        D        E       F      G
               +--------+--------+--------+--------+--------+-----+--------+
         Total |   2532 |   2532 |      0 |      0 |   1342 |   6 |  422.0 |
       Dungeon |   2531 |   2531 |      0 |      0 |   1342 |   5 |  506.2 |
        Temple |      1 |      1 |      0 |      0 |      0 |   1 |    1.0 |
               +--------+--------+--------+--------+--------+-----+--------+

Top non-repeatable levels by time:
     D:2: 695 daAuts
     D:4: 675 daAuts
     D:1: 493 daAuts
     D:3: 457 daAuts
     D:5: 208 daAuts
  Temple: 1 daAuts
